Map: Oxide LE

Players

Neferpitou - Winner!

  • Race: Protoss Protoss
  • League: Master
  • Spawn Location: 1:00

Boboop

  • Race: Terran Terran
  • League: Master
  • Spawn Location: 7:00

VOD

Have the link to the VOD?

Description

Time

  • Played on: Feb. 21, 2021, 11 a.m.
  • Length: 7:52
Show
View Real Time Build Order
Export as new Build Order

Neferpitou Protoss - Winner!

Build Orders: 1 Gate Expand, Blink Stalkers 

Get SALT Encoding   

  12  0:00  Probe  
  13  0:12  Probe  
  14  0:18  Pylon  
  14  0:24  Probe  
  15  0:36  Probe (Chrono Boost)  
  15  0:37  Gateway  
  16  0:43  Assimilator  
  16  0:48  Probe (Chrono Boost)  
  17  0:55  Probe (Chrono Boost)  
  18  1:15  Nexus  
  18  1:25  Cybernetics Core  
  18  1:29  Zealot (Chrono Boost)  
  20  1:34  Probe  
  21  1:41  Pylon  
  21  1:46  Probe  
  22  1:49  Assimilator  
  22  1:58  Probe  
  22  2:00  Stalker (Chrono Boost)  
  23  2:04  Warp Gate  
  25  2:11  Probe  
  26  2:21  Stalker (Chrono Boost)  
  26  2:23  Probe  
  26  2:28  Probe  
  30  2:35  Probe  
  31  2:40  Probe  
  31  2:43  Twilight Council  
  32  2:47  Probe  
  31  2:51  Stalker  
  31  2:52  Probe  
  34  2:59  Probe  
  34  3:03  Gateway  
  34  3:04  Probe  
  36  3:13  Gateway  
  36  3:14  Probe  
  36  3:15  Blink (Chrono Boost)  
  36  3:17  Probe  
  39  3:28  Probe (Chrono Boost)  
  39  3:30  Pylon  
  39  3:31  Probe (Chrono Boost)  
  40  3:42  Robotics Facility  
  40  3:43  Probe (Chrono Boost)  
  40  3:44  Probe (Chrono Boost)  
  42  3:49  Probe  
  42  3:52  Stalker  
  42  3:54  Probe  
  46  4:01  Probe  
  47  4:08  Nexus  
  47  4:13  Pylon  
  47  4:17  Gateway  
  47  4:22  Gateway  
  47  4:26  Gateway  
  47  4:27  Probe  
  47  4:30  Probe, Observer  
  50  4:34  Pylon  
  50  4:38  Sentry  
  52  4:40  Probe  
  52  4:43  Probe  
  54  4:50  Gateway  
  55  4:52  Observer  
  55  4:53  Gateway  
  55  4:54  Pylon  
  55  4:55  Probe  
  55  4:57  Probe  
  55  4:58  Charge (Chrono Boost)  
  55  4:59  Stalker  
  59  5:07  Probe  
  59  5:11  Probe  
  59  5:12  Zealot x2  
  65  5:19  Probe, Gateway  
  66  5:22  Probe  
  66  5:26  Probe  
  68  5:31  Zealot x3  
  74  5:36  Stalker, Pylon  
  74  5:41  Probe  
  77  5:44  Zealot x2  
  77  5:48  Zealot  
  81  5:51  Zealot x2  
  69  5:59  Zealot x3  
  67  6:05  Zealot x2  
  67  6:08  Probe x3  
  72  6:14  Sentry, Stalker x2  
  72  6:17  Stalker  
  80  6:20  Stalker  
  80  6:22  Warp Prism (Chrono Boost)  
  82  6:30  Zealot x2  
  88  6:34  Zealot x2  
  86  6:51  Zealot x5  
  86  6:52  Zealot x2  
  96  6:56  Pylon  
  96  6:58  Gateway  
  96  6:59  Pylon  
  96  7:03  Pylon  
  96  7:10  Zealot x2  
  100  7:16  Pylon  
  100  7:28  Zealot x7  
  114  7:31  Zealot  
  114  7:32  Zealot  
  110  7:48  Zealot x7  
Show
View Real Time Build Order
Export as new Build Order

Boboop Terran 

Build Orders:  

Get SALT Encoding   

  12  0:00  SCV  
  13  0:12  SCV  
  14  0:16  Supply Depot  
  14  0:24  SCV  
  15  0:29  Refinery  
  15  0:38  SCV  
  16  0:44  Barracks  
  16  0:50  SCV  
  16  0:54  Refinery  
  17  1:02  SCV  
  18  1:14  SCV  
  19  1:31  Orbital Command, Reaper  
  20  1:37  Factory  
  20  1:47  Supply Depot  
  20  1:56  SCV  
  21  2:04  Reaper  
  22  2:11  SCV  
  23  2:21  Hellion  
  25  2:25  Command Center  
  25  2:27  SCV  
  26  2:45  Hellion, Reaper  
  28  2:56  SCV  
  29  3:00  Supply Depot  
  29  3:02  Starport  
  29  3:13  Factory Tech Lab  
  29  3:16  SCV  
  30  3:25  Barracks  
  30  3:26  Barracks  
  30  3:32  Siege Tank  
  30  3:34  SCV  
  34  3:43  Barracks Reactor, Starport Tech Lab  
  34  4:01  Orbital Command  
  34  4:04  Siege Tank  
  34  4:06  Bunker  
  37  4:10  SCV  
  37  4:14  Marine x2  
  37  4:16  Banshee  
  43  4:20  Marine  
  43  4:22  Marine  
  43  4:23  SCV  
  46  4:32  Marine  
  46  4:37  Siege Tank, Marine  
  46  4:38  Marine  
  52  4:40  Marine  
  53  4:50  SCV  
  54  4:55  Supply Depot  
  54  5:10  Marine x4, Banshee  
  61  5:23  Siege Tank  
  61  5:28  Marine x4  
  68  5:46  Marine x4  
  53  6:04  Marine x4  
  49  6:05  Siege Tank  
  56  6:16  SCV x2  
  58  6:21  Marine x2  
  58  6:22  Marine x2  
  53  6:28  SCV x2  
  50  6:39  Marine x2  
  48  6:40  Marine x2  
  43  6:53  SCV x2  
  42  6:54  Siege Tank  
  42  6:55  Banshee  
  42  7:00  Supply Depot  
  48  7:01  Supply Depot  
  48  7:03  Marine x2  
  48  7:05  Marine, SCV  
  48  7:06  Marine  
  54  7:08  SCV  
  54  7:21  Marine x2  
  56  7:23  Marine  
  56  7:24  Marine  
  56  7:29  Supply Depot  
  61  7:32  Supply Depot  
  61  7:33  SCV  
Tags
 
Composition
Blink Stalkers
Matchup
PvT
Spawn Locations
Cross Positions
Add a new tag
Caveats
  • Supply blocks, unpowered buildings, or Contaminate may cause inaccurate times.
  • Supply counts are checked every 10 seconds.